 Dungeon Crawl Stone Soup version 0.25.1-2-g60ff931df9 (webtiles) character file.

Game seed: 187820259131926804

4909 Johnny the Geomancer (level 10, -12/69 HPs)
             Began as a Demigod Earth Elementalist on Oct 4, 2020.
             Mangled by an orc warrior
             ... wielding a +0 halberd
              (20 damage)
             ... on level 9 of the Dungeon.
             The game lasted 00:11:09 (12371 turns).

Johnny the Geomancer (Demigod Earth Elementalist)  Turns: 12371, Time: 00:11:10

Health: -12/69     AC:  6    Str: 11    XL:     10   Next: 6%
Magic:  16/25      EV: 12    Int: 25    God:
Gold:   441        SH:  0    Dex: 16    Spells: 11/24 levels left

rFire    . . .     SeeInvis .   H - +2 short sword (venom)
rCold    . . .     Gourm    .   (no shield)
rNeg     . . .     Faith    .   c - +0 robe
rPois    .         Spirit   .   (no helmet)
rElec    .         Reflect  .   r - +0 cloak
rCorr    .         Harm     .   y - +2 pair of gloves
MR       +....                  (no boots)
Stlth    ++........             h - amulet of the acrobat
HPRegen  0.21/turn              a - ring of stealth
MPRegen  0.19/turn              e - ring of attention (curse)

@: invisible
A: high mp 1
a: no special abilities


You were on level 9 of the Dungeon.
You were not hungry.

You visited 1 branch of the dungeon, and saw 9 of its levels.
You also visited: Sewer.

You collected 441 gold pieces.

Inventory:

Hand Weapons
 g - a +0 dagger
 v - a +3 mace of protection
 C - a +1 dagger of draining
 H - a +2 short sword of venom (weapon)
Missiles
 b - 40 stones (quivered)
Armour
 c - a +0 robe (worn)
 r - a +0 cloak (worn)
 y - a +2 pair of gloves (worn)
Jewellery
 a - a ring of stealth (left hand)
 e - a cursed ring of attention (right hand)
 h - an amulet of the acrobat (around neck)
 i - an uncursed ring of fire
 x - an uncursed ring of ice
Wands
 D - a wand of digging (3)
 G - a wand of paralysis (8)
Scrolls
 l - a scroll of enchant armour
 m - 3 scrolls of magic mapping
 n - a scroll of enchant weapon
 o - 9 scrolls of teleportation
 p - a scroll of random uselessness
 s - 5 scrolls of remove curse
 t - a scroll of immolation
 u - 2 scrolls of blinking
 A - a scroll of fear {unknown}
Potions
 k - 4 potions of curing
 q - 6 potions of heal wounds {unknown}
 w - a potion of haste {unknown}
 z - a potion of lignification
 B - a potion of mutation {unknown}
 E - a potion of resistance {unknown}
 F - a potion of stabbing {unknown}
Comestibles
 d - 10 rations
 f - 2 chunks of flesh


   Skills:
 - Level 1.7 Dodging
 - Level 1.7 Stealth
 + Level 7.6 Spellcasting
 - Level 0.8 Transmutations
 * Level 11.5 Earth Magic


You had 11 spell levels left.
You knew the following spells:

 Your Spells              Type           Power        Failure   Level  Hunger
a - Sandblast             Erth           ######       1%          1    None
b - Stone Arrow           Conj/Erth      #####.       1%          3    None
c - Lee's Rapid Deconstr  Erth           ######....   1%          5    #####..
d - Petrify               Tmut/Erth      #####...     4%          4    ##.....

Your spell library contained the following spells:

 Spells                   Type           Power        Failure   Level  Hunger
 Passwall                 Tmut/Erth      #####...     1%          2    None
 Infusion                 Chrm           #...         6%          1    None
 Shroud of Golubria       Chrm/Tloc      #.....       10%         2    None
 Song of Slaying          Chrm           #.......     10%         2    None
 Ozocubu's Armour         Chrm/Ice       #.......     19%         3    None
 Spectral Weapon          Hex/Chrm       #.......     19%         3    None


Dungeon Overview and Level Annotations

Branches:
Dungeon (9/15)             Temple (0/1) D:5             Orc (0/2) D:9
  Sewer (visited)
   Lair: D:8-11

Annotations:
D:2 Natasha, Terence


Innate Abilities, Weirdness & Mutations

You have an increased reservoir of magic. (+10% MP)


Message History

The warg completely misses you.
You hit the warg.
The warg is heavily wounded.
The warg bites you but does no damage.
You closely miss the warg.
The warg is heavily wounded.
The warg pauses to sniff the ground.
The warg bites you!
The orc warrior hits you from afar with a +0 halberd!
* * * LOW HITPOINT WARNING * * *
The warg barely misses you.
The warg stops to sniff the ground.
Things that are here:
a +0 dagger; a +0 scale mail
Okay, then.
Okay, then.
You fade into invisibility!
The warg bites you but does no damage.
The orc warrior hits you from afar with a +0 halberd!!
You die...

######### #.......#
########### +.......#
#.........#
#.......#####.........######
#.......##..)...@ho...'....+
#.......'..##....###)#######
#.......#############.# .##
####'#### #..###... ##.#
#.#o.#g# ##..# #...#†.##
##..## #.#.h..o# #..##
#..##..#.# #'##########
######o. ..#


oo You could see a warg and an orc warrior.

Vanquished Creatures
  Maurice (D:9)
  Prince Ribbit (D:6)
  A spriggan (D:8)
  A golden eye (shapeshifter) (D:8)
  A water moccasin (D:6)
  6 orc warriors
  Purgy (Sewer)
  3 ice beasts
  A sky beast (D:5)
  5 ogres
  A phantom (D:4)
  4 centaurs
  3 bullfrogs
  2 scorpions
  5 killer bees (D:8)
  10 wights
  A howler monkey (D:5)
  4 crimson imps
  A hound (D:8)
  5 orc priests
  Crazy Yiuf (D:6)
  2 jellies (D:8)
  2 bullfrog skeletons
  A centaur skeleton (D:8)
  Natasha (D:2)
  7 worker ants
  An iguana (D:5)
  8 orc wizards
  2 hound skeletons (D:4)
  A hound zombie (D:8)
  4 adders
  A river rat (D:4)
  3 gnolls (D:8)
  A shadow imp (D:5)
  3 oozes
  An adder zombie (D:4)
  2 adder skeletons (D:7)
  3 worms
  2 dart slugs (D:2)
  2 leopard geckos
  46 orcs
  5 giant cockroaches
  7 goblins
  6 hobgoblins
  5 jackals
  5 ball pythons
  5 bats
  9 frilled lizards
  3 kobolds
  3 quokka skeletons
  6 rats
205 creatures vanquished.

Notes
Turn   | Place    | Note
-------+----------+-------------------------------------------
     0 | D:1      | Johnny the Demigod Earth Elementalist began the quest for
                  | the Orb.
     0 | D:1      | Reached XP level 1. HP: 14/14 MP: 5/5
   423 | D:1      | Reached skill level 3 in Earth Magic
   527 | D:1      | Reached XP level 2. HP: 18/20 MP: 7/7
  1515 | D:2      | Reached XP level 3. HP: 19/26 MP: 9/9
  1646 | D:2      | Noticed Natasha
  1653 | D:2      | Killed Natasha
  1860 | D:2      | Noticed Terence
  1890 | D:2      | Noticed Natasha
  2186 | D:3      | Reached skill level 4 in Earth Magic
  2204 | D:3      | Found a shattered altar of Ashenzari.
  3042 | D:3      | Reached XP level 4. HP: 18/33 MP: 7/10
  3311 | D:4      | Noticed an ogre
  3319 | D:4      | Killed an ogre
  3319 | D:4      | Reached XP level 5. HP: 13/38 MP: 5/12
  3325 | D:4      | Reached skill level 5 in Earth Magic
  3764 | D:4      | Found a glowing drain.
  3777 | Sewer    | Entered a sewer
  4013 | Sewer    | Noticed Purgy
  4017 | Sewer    | Killed Purgy
  4017 | Sewer    | Reached XP level 6. HP: 36/45 MP: 10/14
  4497 | D:4      | Learned a level 3 spell: Stone Arrow
  4672 | D:4      | Reached skill level 6 in Earth Magic
  5123 | D:4      | Reached XP level 7. HP: 38/50 MP: 0/16
  5327 | D:4      | Reached skill level 7 in Earth Magic
  5859 | D:5      | Entered Level 5 of the Dungeon
  6278 | D:5      | Found a staircase to the Ecumenical Temple.
  6328 | D:5      | Learned a level 5 spell: Lee's Rapid Deconstruction
  6333 | D:5      | Learned a level 4 spell: Petrify
  6708 | D:5      | Reached skill level 5 in Spellcasting
  6708 | D:5      | Reached skill level 8 in Earth Magic
  6708 | D:5      | Reached XP level 8. HP: 30/57 MP: 14/19
  7946 | D:6      | Noticed Prince Ribbit
  8219 | D:6      | Killed Prince Ribbit
  8219 | D:6      | Reached skill level 9 in Earth Magic
  8995 | D:6      | Reached XP level 9. HP: 43/62 MP: 4/22
  9151 | D:6      | Found a runed translucent door.
  9152 | D:6      | Noticed Crazy Yiuf
  9400 | D:6      | Killed Crazy Yiuf
  9589 | D:7      | Reached skill level 10 in Earth Magic
 10744 | D:8      | Found a blossoming altar of Fedhas.
 11243 | D:8      | Reached skill level 11 in Earth Magic
 11589 | D:8      | Found a radiant altar of Vehumet.
 11590 | D:8      | Found a white marble altar of Elyvilon.
 12155 | D:9      | Noticed Maurice
 12159 | D:9      | Killed Maurice
 12159 | D:9      | Reached XP level 10. HP: 69/69 MP: 9/25
 12276 | D:9      | Found a staircase to the Orcish Mines.
 12371 | D:9      | Mangled by an orc warrior

Illustrated notes

Levels and vault maps discovered:
D:1:      shiori_arrival_oz, layout_basic, corexii_item_surrounded_by_moat,
          chequers_serial_rivers_micro_a, minmay_misc_feat_roman, minmay_vboxes
D:2:      layout_basic, uniq_natasha, uniq_robin, uniq_terence
D:3:      layout_basic, lemuel_crystal_altar
D:4:      layout_layer_cave, portal_sewer_entry_b
D:5:      layout_gridville, minmay_temple_entry_waves, first_ration,
          minmay_misc_feat_room
D:6:      layout_gridville, uniq_crazy_yiuf_cottage, uniq_prince_ribbit1
D:7:      layout_layer_cave
D:8:      layout_rooms, gammafunk_temple_overflow_statue, the_bakery,
          fedhas_altar_2
D:9:      layout_roguey, okawaru_trees_2, erik_orc_3,
          lemuel_mausoleum_altar_yredelemnul, uniq_psyche, uniq_maurice

Skill      XL: |  1  2  3  4  5  6  7  8  9 |
---------------+----------------------------+-----
Spellcasting   | 2 3 4 5 6 7 |  7.6
Earth Magic    | 3 4 5 6 8 9 11 | 11.5
Dodging        | |  1.7
Stealth        | |  1.7
Transmutations | |  0.8

Action                   |  1- 3 |  4- 6 |  7- 9 | 10-12 || total
-------------------------+-------+-------+-------+-------++-------
Melee: Dagger            |    85 |    35 |    44 |       ||   164
       Unarmed           |     7 |       |       |       ||     7
       Mace              |       |    22 |    56 |       ||    78
       Short sword       |       |       |       |    13 ||    13
 Cast: Sandblast         |    26 |    47 |   103 |     3 ||   179
       Stone Arrow       |       |    22 |    62 |     1 ||    85
       Lee's Rapid Decon |       |       |    18 |     4 ||    22
  Use: Potion            |       |     4 |     1 |     1 ||     6
       Scroll            |       |     3 |     6 |       ||     9
 Stab: Sleeping          |     8 |     1 |     2 |       ||    11
       Invisible         |       |     2 |       |       ||     2
  Eat: Chunk             |     4 |     6 |    18 |     2 ||    30
       Ration            |     1 |       |     3 |       ||     4
Armor: Robe              |    14 |    22 |    57 |     5 ||    98
       Skin              |       |    14 |     3 |       ||    17
Dodge: Dodged            |    57 |    97 |   137 |    10 ||   301
